 Dungeon Crawl Stone Soup version 0.31-a0-1074-g0b22e4e0f1 (webtiles) character file.

Game seed: 9543644818214573033

1264 bmb222 the Cleaver (level 8, -2/69 HPs)
             Began as a Minotaur Fighter on Nov 28, 2023.
             Killed from afar by an acid dragon (26 damage)
             ... with a splash of acid
             ... on level 6 of the Dungeon.
             The game lasted 00:05:58 (4502 turns).

bmb222 the Cleaver (Minotaur Fighter)               Turns: 4502, Time: 00:05:59

Health: -2/69      AC:  6    Str: 28    XL:     8   Next: 27%
Magic:  7/7        EV:  9    Int:  5    God:
Gold:   363        SH:  5    Dex: 11    Spells: 7/7 levels left

rFire   . . .        B - +7 spear
rCold   . . .        c - +0 buckler
rNeg    . . .        y - +0 chain mail
rPois   .            (helmet restricted)
rElec   .            (no cloak)
rCorr   .            (no gloves)
SInv    .            (no boots)
Will    .....        (no amulet) Stlth
                     i - +6 ring of strength
HPRegen 0.31/turn    (no ring)
MPRegen 0.10/turn

%: no passive effects
@: corroded
A: horns 2, retaliatory headbutt
a: no special abilities


You were on level 6 of the Dungeon.
You visited 1 branch of the dungeon, and saw 6 of its levels.

You collected 363 gold pieces.

Inventory:

Hand Weapons
 a - a +0 war axe
 u - a +0 arbalest
 B - a +7 spear (weapon)
Missiles
 d - 6 poisoned darts (quivered)
 x - 3 boomerangs
Armour
 b - a +0 scale mail
 c - a +0 buckler (worn)
 y - a +0 chain mail (worn)
Jewellery
 i - a +6 ring of strength (left hand)
 l - an amulet of faith
Talismans
 A - a maw talisman
Wands
 w - a wand of flame (5)
Scrolls
 e - a scroll of revelation {unknown}
 f - 2 scrolls of teleportation
 g - a scroll of blinking {unknown}
 h - a scroll of brand weapon {unknown}
 k - 2 scrolls of fog {unknown}
 m - 6 scrolls of identify {unknown}
 n - a scroll of immolation {unknown}
 o - a scroll of enchant weapon {unknown}
 q - 2 scrolls of noise {unknown}
 r - a scroll of vulnerability {unknown}
Potions
 j - a potion of curing {unknown}
 p - a potion of enlightenment {unknown}
 s - a potion of brilliance {unknown}
 t - a potion of lignification {unknown}
 v - a potion of haste {unknown}
 z - a potion of heal wounds {unknown}


   Skills:
 * Level 5.5 Fighting
 - Level 9.4(9.5) Axes
 * Level 1.1(6.0) Polearms
 + Level 6.3 Armour
 + Level 1.5 Dodging
 - Level 0.2 Stealth
 + Level 4.6 Shields


You had 7 spell levels left.
You didn't know any spells.
Your spell library contained the following spells:

 Spells                   Type           Power      Damage    Failure   Level
 Foxfire                  Conj/Fire      0%         2x1d4     94%         1
 Sting                    Tmut/Pois      0%         1d3       94%         1
 Summon Small Mammal      Summ           0%         N/A       94%         1
 Poisonous Vapours        Pois/Air       0%         N/A       98%         2
 Scorch                   Fire           0%         2d5       98%         2
 Call Canine Familiar     Summ           0%         N/A       100%        3
 Ignite Poison            Fire/Tmut/Pois 0%         N/A       100%        3
 Summon Guardian Golem    Hex/Summ       0%         N/A       100%        3
 Tukima's Dance           Hex            0%         N/A       100%        3
 Flame Wave               Conj/Fire      0%         2d4       100%        4
 Olgreb's Toxic Radiance  Pois           0%         N/A       100%        4
 Passage of Golubria      Tloc           0%         N/A       100%        4
 Sticky Flame             Conj/Fire      0%         2d3       100%        4
 Yara's Violent Unravell  Hex/Tmut       0%         3d3       100%        5
 Plasma Beam              Fire/Air       0%         2x1d10    100%        6
 Starburst                Conj/Fire      0%         6d3       100%        6
 Summon Cactus Giant      Summ           0%         N/A       100%        6
 Ignition                 Fire           0%         3d3       100%        8


Dungeon Overview and Level Annotations

Branches:
Dungeon (6/15)
 Temple: D:4-7

Altars:
Vehumet

Shops:
D:4 *


Innate Abilities, Weirdness & Mutations

You have a pair of horns on your head.
You reflexively headbutt those who attack you in melee.


Message History

You furiously retaliate!
You headbutt the acid dragon. The acid dragon misses you.
You closely miss the acid dragon.
You headbutt the acid dragon, but do no damage.
The acid dragon is heavily wounded.
The bullfrog hits you but does no damage.
The acid dragon barely misses you. You block the acid dragon's attack.
You hit the acid dragon but do no damage.
The acid dragon is heavily wounded.
The bullfrog closely misses you. The acid dragon completely misses you.
The acid dragon barely misses you. The bullfrog barely misses you.
You barely miss the acid dragon.
The acid dragon is heavily wounded.
You block the bullfrog's attack.
You hit the acid dragon but do no damage.
The acid dragon is heavily wounded.
The acid dragon bites you.
The acid dragon claws you but does no damage.
The bullfrog hits you but does no damage.
You hit the acid dragon.
The acid dragon is heavily wounded.
The bullfrog hits you. The acid dragon closely misses you.
You furiously retaliate!
You headbutt the acid dragon.
The acid dragon claws you but does no damage.
You hit the acid dragon but do no damage.
The acid dragon is heavily wounded.
The bullfrog closely misses you. You furiously retaliate!
You headbutt the bullfrog, but do no damage.
The acid dragon bites you. The acid dragon barely misses you.
You block the bullfrog's attack.
You hit the acid dragon.
The acid dragon is severely wounded.
You block the acid dragon's attack. The acid dragon claws you.
The bullfrog hits you.
You hit the acid dragon.
The acid dragon is almost dead.
The bullfrog hits you. The acid dragon spits acid at you.
The splash of acid hits you!!
You die...

###########.#.....#
............#.#####
........#####.# ###
#######'### #.# ..#
#......# #.# #.#
#......# #.# #.#
#......# #.#.#.#
#.#####......#
#.#.#.##
#....D@.##.###
#.#.....
>.....F#.##.#
#.###.##
.#...#......#
#.....# #.#
#.#..... ######## #
#.####### #. ## #.
#[ ##


You could see an acid dragon (catching breath) and a bullfrog.

Vanquished Creatures
  A water moccasin (D:6)
  2 ice beasts
  A centaur (D:6)
  A gnoll sergeant (D:6)
  3 scorpions
  A howler monkey (D:4)
  A jelly (D:6)
  A gnoll bouda (D:5)
  4 hounds
  Terence (D:3)
  4 iguanas
  3 orc wizards
  4 gnolls (D:6)
  8 adders
  A white imp (D:5)
  2 ufetubi (D:6)
  2 worms
  13 orcs
  6 bats
  9 endoplasms
  6 giant cockroaches
  14 goblins
  6 hobgoblins
  3 jackals (D:3)
  3 quokkas
  8 ball pythons
  4 frilled lizards
  9 kobolds
  3 rats
124 creatures vanquished.

Notes
Turn   | Place    | Note
-------+----------+-------------------------------------------
     0 | D:1      | bmb222 the Minotaur Fighter began the quest for the Orb.
     0 | D:1      | Reached XP level 1. HP: 19/19 MP: 0/0
   105 | D:1      | Reached XP level 2. HP: 27/27 MP: 1/1
   460 | D:2      | Reached skill level 3 in Axes
   460 | D:2      | Reached XP level 3. HP: 33/33 MP: 2/2
   998 | D:2      | Found a faded altar of an unknown god.
  1164 | D:3      | Reached XP level 4. HP: 40/40 MP: 3/3
  1180 | D:3      | Found a radiant altar of Vehumet.
  1251 | D:3      | Reached skill level 4 in Axes
  1352 | D:3      | Noticed Terence
  1357 | D:3      | Killed Terence
  1858 | D:4      | Found Ebeump's Assorted Antiques.
  1894 | D:4      | Noticed a scorpion
  1898 | D:4      | Killed a scorpion
  1899 | D:4      | Reached skill level 5 in Axes
  1899 | D:4      | Reached XP level 5. HP: 35/47 MP: 4/4
  2297 | D:4      | Reached XP level 6. HP: 47/53 MP: 5/5
  2413 | D:4      | Reached skill level 6 in Axes
  2413 | D:4      | Reached skill level 5 in Armour
  2471 | D:5      | Entered Level 5 of the Dungeon
  2587 | D:5      | Reached skill level 1 in Dodging
  2600 | D:5      | Reached skill level 7 in Axes
  2846 | D:5      | Noticed an ice beast
  2850 | D:5      | Reached XP level 7. HP: 53/60 MP: 6/6
  3414 | D:6      | Reached skill level 8 in Axes
  3588 | D:6      | Reached skill level 5 in Fighting
  3785 | D:6      | Reached skill level 9 in Axes
  3785 | D:6      | Reached XP level 8. HP: 32/68 MP: 7/7
  4420 | D:6      | Reached skill level 1 in Polearms
  4502 | D:6      | Killed from afar by an acid dragon

Illustrated notes

Levels and vault maps discovered:
D:1:      minmay_arrival_diagonal_passages, layout_rooms
D:2:      layout_basic, shapermc_ecumenical_altar_pompeii, chequers_mini_garden,
          minmay_crystal_room
D:3:      layout_loops_cross, vehumet_crystals, uniq_terence
D:4:      layout_basic, serial_shops, shop
D:5:      minmay_polygon_palace, layout_basic, temple_hall
D:6:      layout_basic, chequers_decorated_corner

Skill      XL: |  1  2  3  4  5  6  7  8 |
---------------+-------------------------+-----
Armour         | 4 5 6 |  6.3
Axes           | 3 5 7 9 |  9.4
Fighting       | 4 5 |  5.5
Shields        | 4 |  4.6
Dodging        | 1 |  1.5
Polearms       | 1 |  1.1
Stealth        | |  0.2

Action                     |  1- 3 |  4- 6 |  7- 9 || total
---------------------------+-------+-------+-------++-------
  Melee: War axe           |    76 |   118 |    82 ||   276
         Headbutt          |     7 |    11 |    14 ||    32
         Spear             |       |       |    18 ||    18
    Use: Potion            |       |     1 |       ||     1
         Scroll            |       |       |     2 ||     2
 Armour: Scale mail        |    48 |    72 |    19 ||   139
         Chain mail        |       |       |    68 ||    68
  Dodge: Dodged            |    28 |    46 |    39 ||   113
  Block: Buckler           |    17 |    29 |    28 ||    74

Table legend: (Time is in decaauts)
 A = Elapsed time spent in this place.
 B = Non-inter-level travel time spent in this place.
 C = Inter-level travel time spent in this place.
 D = Time resting spent in this place.
 E = Time spent auto-exploring this place.
 F = Levels seen in this place.
 G = Mean time per level.
                   A        B        C        D        E       F      G
               +--------+--------+--------+--------+--------+-----+--------+
         Total |   4568 |   4279 |    289 |    906 |   2600 |   6 |  761.3 |
       Dungeon |   4568 |   4279 |    289 |    906 |   2600 |   6 |  761.3 |
               +--------+--------+--------+--------+--------+-----+--------+

Top non-repeatable levels by time:
     D:6: 1096 daAuts
     D:5: 948 daAuts
     D:2: 741 daAuts
     D:3: 693 daAuts
     D:4: 594 daAuts
     D:1: 494 daAuts
